[Event "Early-Titled-Tuesday-Blitz-February-06-2024"]
[Site "Chess.com"]
[Date "2024.02.06"]
[Round "4"]
[White "deepfear"]
[Black "tylityli"]
[Result "1-0"]
[WhiteElo "1973"]
[BlackElo "2235"]
[TimeControl "180+1"]
[EndTime "8:39:19 PST"]
[Termination "deepfear won on time"]

1. e4 e5 2. Nf3 Nc6 3. d4 exd4 4. Nxd4 Bb4+ 5. Nc3 Nf6 6. f3 d5 7. Nxc6 bxc6 8. Bg5 O-O 9. a3 Bxc3+ 10. bxc3 dxe4 11. Qxd8 Rxd8 12. Bxf6 gxf6 13. fxe4 Re8 14. Bd3 f5 15. e5 Rxe5+ 16. Kf2 Be6 17. Rhb1 Bd5 18. Rb7 Be4 19. Rxc7 Rc5 20. c4 a5 21. Rb1 Rd8 22. Rbb7 Bxd3 23. cxd3 Rxd3 24. Rxf7 Rxc4 25. Rg7+ Kh8 26. Rxh7+ Kg8 27.
Rbg7+ Kf8 28. Rf7+ Ke8 29. Re7+ Kd8 30. Ra7 Rc2+ 31.
Ke1 Re3+ 32. Kd1 Rb2 33. Ra8+ 1-0

[Event "Early-Titled-Tuesday-Blitz-February-06-2024"]
[Site "Chess.com"]
[Date "2024.02.06"]
[Round "4"]
[White "FoxOnTheRun97"]
[Black "Anton_Demchenko"]
[Result "0-1"]
[WhiteElo "2651"]
[BlackElo "2894"]
[TimeControl "180+1"]
[EndTime "8:39:21 PST"]
[Termination "Anton_Demchenko won by resignation"]

1. d4 Nf6 2. Bg5 g6 3. Bxf6 exf6 4. e3 d5 5. g3 c6 6. Bg2 Be6 7. Ne2 Bd6 8. Nf4 Bxf4 9. exf4 Nd7 10. O-O Qb6 11. b3 O-O 12. c3 c5 13. dxc5 Qxc5 14. Qd4 Qxd4 15. cxd4 Rac8 16. Na3 Nb8 17. Rac1 Nc6 18.
Rfd1 Nb4 19. Rc5 b6 20. Rxc8 Rxc8 21. Nb5 a6 22. a3 Nc2 23. Nd6 Rd8 24. f5 gxf5 25.
Nb7 Rd7 26. Rc1 Nxd4 27. Rc8+ Kg7 28. Nd8 Rd6 29. Ra8 a5 30. b4 axb4 31. axb4 Nc2 32. b5 d4 33. Bf3 d3 34. Nc6 Nd4 35. Bd1 Nxc6 36. bxc6 Rxc6 37. Ra1 d2 0-1

[Event "Early-Titled-Tuesday-Blitz-February-06-2024"]
[Site "Chess.com"]
[Date "2024.02.06"]
[Round "4"]
[White "DarkAlekhine"]
[Black "TrompeterImEther"]
[Result "1-0"]
[WhiteElo "2756"]
[BlackElo "2536"]
[TimeControl "180+1"]
[EndTime "8:39:21 PST"]
[Termination "DarkAlekhine won by checkmate"]

1. e4 e5 2. Nf3 Nc6 3. Bb5 Nf6 4. d3 d6 5. O-O g6 6. c3 Bg7 7. Re1 O-O 8. Nbd2 Bd7 9. Ba4 Ne8 10. Nf1 Kh8 11. d4 f5 12. exf5 Bxf5 13. Bxc6 bxc6 14. dxe5 Bg4 15. e6 Qe7 16. Ng3 Bxf3 17. gxf3 Nf6 18.
Bg5 d5 19. Qd2 Rad8 20. Rad1 Rd6 21. Qe3 a6 22. Bf4 Rdd8 23. Bg5 Rd6 24. f4 h6 25. Bh4 Re8 26. f5 g5 27. Bxg5 hxg5 28. Qxg5 Rg8 29. Qh4+ Bh6 30. Qxh6+ Nh7 31. Rd4 Rdd8 32. Rh4 Rdf8 33. Kh1 Rg5 34. f6 Qxf6 35. Qxh7# 1-0

[Event "Early-Titled-Tuesday-Blitz-February-06-2024"]
[Site "Chess.com"]
[Date "2024.02.06"]
[Round "4"]
[White "SabinaFoisor"]
[Black "Triumphmate"]
[Result "0-1"]
[WhiteElo "2364"]
[BlackElo "2521"]
[TimeControl "180+1"]
[EndTime "8:39:21 PST"]
[Termination "Triumphmate won by resignation"]

1. d4 d5 2. c4 e6 3. Nc3 c6 4. e3 f5 5. Nf3 Nf6 6. g3 Bd6 7. Bg2 O-O 8. O-O Nbd7 9. b3 b6 10. a4 Qe7 11. Bb2 Ne4 12. Ne2 Ba6 13. Rc1 Rac8 14.
Nf4 g5 15. Nd3 g4 16. Nfe5 Nxe5 17. dxe5 Ba3 18. Qe2 Bxb2 19. Qxb2 Rfd8 20. Rfd1 Nc5 21. Nf4 dxc4 22. bxc4 Nxa4 23. Rxd8+ Rxd8 24. Qc2 Nc5 25. Bxc6 Qc7 26. Bg2 Qxe5 27. Rd1 Rxd1+ 28. Qxd1 Bxc4 29. Qd8+ Kf7 30. h4 Bb5 31. h5 Qf6 32. Qc7+ Qe7 33. Qe5 Nd7 34. Qb2 Qc5 35. Qh8 Nf6 36. h6 Qf8 37.
Qxf8+ Kxf8 38. Nxe6+ Ke7 39. Nd4 Bd7 40. Bc6 Bxc6 41.
Nxc6+ Kd6 42. Nxa7 Kc5 43. Kf1 Nd5 44. Ke2 Ne7 45. f3 b5 46. Nxb5 Kxb5 47. e4 fxe4 48. fxe4 Kc4 49. Ke3 Ng6 50. e5 Kd5 51. e6 Kxe6 52.
Ke4 Kf6 53. Kd5 Kg5 54. Ke6 Kxh6 55. Kf5 Kh5 56. Kf6 Nf8 57. Kf5 Nd7 58. Ke6 Nc5+ 59.
Kf5 Nb3 60. Kf4 Nd2 61. Ke5 Nf1 62. Kf5 Nxg3+ 63. Kf4 0-1

[Event "Early-Titled-Tuesday-Blitz-February-06-2024"]
[Site "Chess.com"]
[Date "2024.02.06"]
[Round "4"]
[White "boguszp"]
[Black "Ducke13"]
[Result "0-1"]
[WhiteElo "2043"]
[BlackElo "2294"]
[TimeControl "180+1"]
[EndTime "8:39:21 PST"]
[Termination "Ducke13 won on time"]

1. d4 Nf6 2. Bf4 g6 3. Nc3 d5 4. Nf3 Bg7 5. e3 O-O 6. Bd3 c5 7. dxc5 Nbd7 8. O-O Nxc5 9. h3 b6 10. Bh2 Bb7 11. Nd4 Rc8 12. Qe2 Re8 13. Rfd1 e5 14. Nb3 Nfd7 15. Bb5 d4 16. Nxc5 bxc5 17. Na4 Re7 18. c3 Nf6 19. Rd2 Ne4 20. Rdd1 Ng5 21. Re1 Qa5 22. b3 a6 23. Bc4 Qd8 24. Rad1 Ne6 25.
Bxe6 Rxe6 26. cxd4 exd4 27. Qd3 Qg5 28. g3 Rce8 29.
Nxc5 Qxc5 30. Rc1 Qd5 0-1

[Event "Early-Titled-Tuesday-Blitz-February-06-2024"]
[Site "Chess.com"]
[Date "2024.02.06"]
[Round "4"]
[White "KorolDimitriy75"]
[Black "mortngabriel"]
[Result "1-0"]
[WhiteElo "2379"]
[BlackElo "2502"]
[TimeControl "180+1"]
[EndTime "8:39:22 PST"]
[Termination "KorolDimitriy75 won on time"]

1. d4 Nf6 2. c4 e6 3. Nc3 Bb4 4.
Qc2 O-O 5. e4 d5 6. cxd5 exd5 7.
e5 Ne4 8. Bd3 c5 9. Ne2 Nc6 10.
O-O cxd4 11. Nxd5 Qxd5 12. Bxe4 Qxe5 13. Bxh7+ Kh8 14. Bf4 Qh5 15. Be4 Qc5 16. Rac1 Qxc2 17.
Rxc2 Bd7 18. Bxc6 Bxc6 19. Nxd4 Bd5 20. a3 Ba5 21. Rc5 Rfd8 22. Rxa5 Bxg2 23. Kxg2 Rxd4 24. Be3 Rg4+ 25. Kf3 Rh4 26. Kg3 Rc4 27. Rxa7 Rd8 28. Rxb7 f5 29. Rf7 Rd5 30. Rc1 Rg4+ 31. Kf3 Rg6 32.
Rcc7 Rb5 33. b4 Rd5 34. a4 Rd3 35. a5 Ra3 36. Ra7 Kh7 37. b5 1-0

[Event "Early-Titled-Tuesday-Blitz-February-06-2024"]
[Site "Chess.com"]
[Date "2024.02.06"]
[Round "4"]
[White "margarita_2703"]
[Black "Jakuboss22005"]
[Result "1-0"]
[WhiteElo "2348"]
[BlackElo "2489"]
[TimeControl "180+1"]
[EndTime "8:39:22 PST"]
[Termination "margarita_2703 won on time"]

1. e4 g6 2. d4 Bg7 3. c3 d6 4. Nf3 Nf6 5. Bd3 Nc6 6. O-O e5 7.
h3 O-O 8. Re1 h6 9. Na3 Nh5 10.
Nc2 Bd7 11. Be3 Qf6 12. Qd2 Nf4 13. Bxf4 Qxf4 14. Qxf4 exf4 15. Rad1 Rad8 16. Bb5 a6 17. Bxc6 Bxc6 18. d5 Ba4 19. b3 Bd7 20. c4 Rfe8 21. Re2 b5 22. Na3 Ra8 23. Ne1 Bc3 24. Nd3 f3 25. gxf3 Bxh3 26. cxb5 axb5 27. Nxb5 Ba5 28.
a4 Re7 29. b4 Bb6 30. a5 Bd7 31. Na3 Bd4 32. Rc1 Be8 33. Rec2 Ra7 34. Rc4 Bf6 35.
Rc6 Bxc6 36. Rxc6 Kg7 37. a6 Re8 38. Nb5 Raa8 39. Nxc7 Reb8 40. Nxa8 Rxa8 41. b5 Bd4 42. Rxd6 Rb8 43. Rc6 Rxb5 44. Kg2 Rb3 45. Nc5 Ra3 46. d6 Bxc5 47. Rxc5 Rxa6 48. d7 Ra8 49. Rc8 1-0

[Event "Early-Titled-Tuesday-Blitz-February-06-2024"]
[Site "Chess.com"]
[Date "2024.02.06"]
[Round "4"]
[White "NastyaHn"]
[Black "Ariadna_Atreides"]
[Result "1-0"]
[WhiteElo "2379"]
[BlackElo "2174"]
[TimeControl "180+1"]
[EndTime "8:39:22 PST"]
[Termination "NastyaHn won on time"]

1. Nc3 Nf6 2. Nf3 d5 3. d4 c6 4. Bg5 Bf5 5. e3 Nbd7 6. Bd3 Bg6 7. Ne2 e6 8. Nf4 Bd6 9. Nxg6 hxg6 10. c3 Qc7 11. h3 O-O-O 12. Qa4 Kb8 13. O-O-O e5 14. Nxe5 Nxe5 15. dxe5 Bxe5 16. Kb1 Rde8 17.
Bxf6 gxf6 18. Qb3 f5 19. c4 d4 20. exd4 Bxd4 21. Bxf5 Bxf2 22. Rd7 Qb6 23. Bg4 f5 24.
Bf3 Re3 25. Qxb6 axb6 26. Rhd1 Rhe8 27. Rg7 Re1 28. Rxg6 Rxd1+ 29. Bxd1 Bd4 30. Bf3 Re1+ 31. Kc2 Rf1 32. b3 f4 33. Kd3 Rd1+ 34. Ke4 Be3 35.
h4 Rh1 36. h5 Ka7 37. Kf5 Ka6 38. Rg7 Rh2 39. Kg6 Rh1 40. h6 Bd4 41. Rd7 c5 42. Bxb7+ Ka5 43. Bf3 Kb4 44. h7 Ka3 45. Ra7+ Kb2 46.
Ra6 b5 47. cxb5 Kc3 48. b6 c4 49. bxc4 1-0

[Event "Early-Titled-Tuesday-Blitz-February-06-2024"]
[Site "Chess.com"]
[Date "2024.02.06"]
[Round "4"]
[White "Eloist"]
[Black "NtcPou"]
[Result "1-0"]
[WhiteElo "2432"]
[BlackElo "2019"]
[TimeControl "180+1"]
[EndTime "8:39:23 PST"]
[Termination "Eloist won by resignation"]

1. e4 c6 2. Nf3 d5 3. d3 g6 4. e5 Bg4 5. Nbd2 Bg7 6. h3 Bxf3 7.
Nxf3 e6 8. d4 Ne7 9. Bd3 Nd7 10.
h4 c5 11. c3 Nc6 12. h5 Qb6 13. h6 Bf8 14. Be2 cxd4 15. cxd4 Bb4+ 16. Kf1 Be7 17. Rb1 f6 18. exf6 Bxf6 19. Be3 O-O 20. b4 Ne7 21. Ne5 Bxe5 22. dxe5 Qc7 23. Bg4 Qxe5 24. Bd4 Qe4 25. Rb3 Nf5 26. Bxf5 Rxf5 27. Re3 Qf4 28. Rf3 Qg4 29.
Rhh3 Raf8 30. Rhg3 Qh5 31. Rh3 Qg5 32. Rhg3 Qe7 33.
Rxf5 Rxf5 34. Qc2 e5 35. Qxf5 exd4 36. Qxd5+ Kf8 37. Qxd4 Qf7 38. Rf3 1-0

[Event "Early-Titled-Tuesday-Blitz-February-06-2024"]
[Site "Chess.com"]
[Date "2024.02.06"]
[Round "4"]
[White "allvim"]
[Black "tarno17"]
[Result "1-0"]
[WhiteElo "2350"]
[BlackElo "2111"]
[TimeControl "180+1"]
[EndTime "8:39:23 PST"]
[Termination "allvim won by resignation"]

1. e4 c5 2. Nf3 e6 3. d4 cxd4 4.
Nxd4 a6 5. c4 Nf6 6. Nc3 Bb4 7.
Bd3 Qc7 8. O-O Nc6 9. Nxc6 dxc6 10. Qe2 e5 11. h3 Be6 12. Bg5 Rd8 13. Rad1 Bc5 14. Qf3 Qe7 15. b3 h6 16. Be3 Bxe3 17.
Qxe3 Nh5 18. Be2 Nf4 19. Rxd8+ Qxd8 20. Kh2 O-O 21. Rd1 Qh4 22. Bf1 Qh5 23. Rd6 g5 24. f3 g4 25. fxg4 Qg5 26. Qd2 Qh4 27. g3 Qg5 28.
gxf4 exf4 29. Ne2 Qh4 30. Qxf4 Kh7 31. Rxe6 fxe6 32. Qxf8 Qe1 33. Qf7+ Kh8 34. Ng3 Qd2+ 35. Bg2 Qe1 36. Nh5 Qa1 37. Qf6+ Qxf6 38. Nxf6 Kg7 39. Nd7 Kg6 40. Nc5 b5 41. Nxe6 bxc4 42. bxc4 Kf6 43. Nd8 c5 44. Nb7 1-0

[Event "Early-Titled-Tuesday-Blitz-February-06-2024"]
[Site "Chess.com"]
[Date "2024.02.06"]
[Round "4"]
[White "guillembaches"]
[Black "Chemim21"]
[Result "1-0"]
[WhiteElo "2563"]
[BlackElo "2234"]
[TimeControl "180+1"]
[EndTime "8:39:24 PST"]
[Termination "guillembaches won on time"]

1. d4 d5 2. Nf3 e6 3. Bf4 Bd6 4. Bg3 Nf6 5. e3 Ne4 6. Bxd6 cxd6 7. Nbd2 Nc6 8. Bd3 f5 9. O-O Qf6 10. c4 Nxd2 11. Qxd2 dxc4 12. Bxc4 d5 13. Bb5 Bd7 14.
Bxc6 Bxc6 15. Ne5 O-O 16. f4 Bb5 17. Rfc1 Rfc8 18. Qb4 Ba6 19. Qd6 g5 20. g3 gxf4 21. exf4 Rd8 22. Qb4 h5 23. Rc3 h4 24. Rac1 Qf8 25.
Qxf8+ Rxf8 26. Rc7 hxg3 27. hxg3 Rfe8 28. Kf2 b6 29. Nd7 Rec8 30. Nf6+ Kf8 31. Nd7+ Kg8 32. Ne5 Rxc7 33. Rxc7 Rc8 34. Rxc8+ Bxc8 35. Nc6 Bd7 36. Ne5 Bb5 37. Ke3 Kg7 38. Kd2 Kh6 39. Kc3 Kh5 40.
Kb4 Be2 41. a4 Bf1 42. a5 bxa5+ 43. Kxa5 a6 44. Kb6 Kh6 45. Kc7 Kg7 46. Kd6 Kf6 47. Nd7+ Kf7 48. Nc5 Kf6 49. Nxe6 Bg2 50. Nc7 a5 51. Nxd5+ 1-0

[Event "Early-Titled-Tuesday-Blitz-February-06-2024"]
[Site "Chess.com"]
[Date "2024.02.06"]
[Round "4"]
[White "BeardedNM"]
[Black "Atousa"]
[Result "0-1"]
[WhiteElo "2212"]
[BlackElo "2460"]
[TimeControl "180+1"]
[EndTime "8:39:25 PST"]
[Termination "Atousa won by resignation"]

1. e4 c5 2. Nf3 e6 3. d4 cxd4 4. Nxd4 a6 5. Bd3 Bc5 6. Nb3 Be7 7. Nc3 Nc6 8. Qg4 g6 9. Qe2 d6 10. f4 Nf6 11. O-O O-O 12. Kh1 Qc7 13. Bd2 b5 14. f5 Ne5 15. Nd1 exf5 16. exf5 Bb7 17. Bh6 Rfe8 18.
Ne3 Nh5 19. Rae1 Bf8 20. Bxf8 Rxf8 21. Ng4 Nxg4 22. Qxg4 Rae8 23. Nd4 Nf6 24. Qh4 Rxe1 25. Rxe1 Re8 26. Rf1 Nh5 27. Qg5 Qe7 28. f6 Qe5 29. Qg4 Nxf6 30. Qh4 Nh5 31. Nf3 Qf4 32. Qxf4 Nxf4 33.
Kg1 Nxd3 34. cxd3 Re2 35. Re1 Bxf3 36. Rxe2 Bxe2 0-1

[Event "Early-Titled-Tuesday-Blitz-February-06-2024"]
[Site "Chess.com"]
[Date "2024.02.06"]
[Round "4"]
[White "vladgoncharov"]
[Black "FairChess_on_YouTube"]
[Result "0-1"]
[WhiteElo "2631"]
[BlackElo "3074"]
[TimeControl "180+1"]
[EndTime "8:39:26 PST"]
[Termination "FairChess_on_YouTube won on time"]

1. d4 Nf6 2. c4 e6 3. Nc3 Bb4 4. e3 O-O 5. Bd3 d5 6. Ne2 c5 7. a3 Bxc3+ 8. bxc3 dxc4 9. Bxc4 Qc7 10. Bd3 e5 11. O-O Nc6 12. Bb2 Re8 13. Ng3 Be6 14. Nh5 Nxh5 15. Qxh5 g6 16. Qh4 Rad8 17. f4 Qe7 18. Qxe7 Rxe7 19. Bb5 exf4 20. Rxf4 Na5 21. Re1 Bc4 22. Ba4 Bd3 23. Kf2 Nc4 24. Bc1 Nd6 25. Rd1 Ne4+ 26. Ke1 Nxc3 27. Rxd3 Nxa4 28. d5 Nb6 29. d6 Re6 30. Bb2 Rdxd6 31. Rxd6 Rxd6 32.
h4 Re6 33. Kf2 Nd5 34. Rf3 f5 35. h5 Nf6 36. hxg6 hxg6 37. Rh3 b5 0-1

[Event "Early-Titled-Tuesday-Blitz-February-06-2024"]
[Site "Chess.com"]
[Date "2024.02.06"]
[Round "4"]
[White "Licancabur"]
[Black "Zavgorodniy_Sergiy"]
[Result "0-1"]
[WhiteElo "2424"]
[BlackElo "2614"]
[TimeControl "180+1"]
[EndTime "8:39:26 PST"]
[Termination "Zavgorodniy_Sergiy won on time"]

1. d4 Nf6 2. Bg5 e6 3. e4 h6 4. Bxf6 Qxf6 5. c3 d6 6. Bd3 e5 7. Ne2 Qd8 8. O-O Be7 9. f4 O-O 10. Nd2 Bf6 11. Nf3 Re8 12. Qe1 Bg4 13. Rd1 Bxf3 14.
Rxf3 Nd7 15. Bc4 c6 16. Ng3 b5 17. Bb3 Qb6 18. Kh1 exd4 19. cxd4 Bxd4 20. Nf5 c5 21. Rxd4 cxd4 22. Qg3 g5 23. Nxh6+ Kf8 24. Qxg5 Qc5 25. f5 Rac8 26. Rf1 Qe5 27. Nxf7 Qg7 28. Qh5 Nf6 29.
Qh4 Rxe4 30. Qf2 Rce8 31. Nxd6 Re2 32. Nxe8 Rxf2 33. Rxf2 Nxe8 34. Rd2 Qe5 0-1

[Event "Early-Titled-Tuesday-Blitz-February-06-2024"]
[Site "Chess.com"]
[Date "2024.02.06"]
[Round "4"]
[White "AlexandraSamaganova"]
[Black "Ezov"]
[Result "1-0"]
[WhiteElo "2377"]
[BlackElo "2175"]
[TimeControl "180+1"]
[EndTime "8:39:26 PST"]
[Termination "AlexandraSamaganova won by checkmate"]

1. c4 e5 2. Nc3 f5 3. g3 Nf6 4.
Bg2 Bc5 5. e3 Nc6 6. Nge2 e4 7. d4 exd3 8. Qxd3 O-O 9. b3 d6 10.
O-O Ne5 11. Qc2 a5 12. Bb2 c6 13. Rad1 Qc7 14. h3 Be6 15. Nd4 Qd7 16. Nce2 g6 17. Nf4 Bf7 18. Nde2 Rae8 19. Bc3 b6 20. Qb2 Qc7 21.
Nd3 Nfd7 22. a3 Nxd3 23. Rxd3 Ne5 24. Rd2 b5 25. cxb5 cxb5 26. Rc1 Qa7 27. Bd4 Bxd4 28.
Rxd4 Rd8 29. Rcd1 Qb6 30. Nf4 Rd7 31. h4 Rfd8 32. h5 g5 33. Nd5 Bxd5 34. Bxd5+ Kf8 35. R4d2 Qc5 36. Kg2 b4 37. axb4 axb4 38. f4 Ng4 39. Qh8+ Ke7 40. Qg7+ Ke8 41. Qg8+ Ke7 42. Qf7# 1-0

[Event "Early-Titled-Tuesday-Blitz-February-06-2024"]
[Site "Chess.com"]
[Date "2024.02.06"]
[Round "4"]
[White "ljm509"]
[Black "BestestBP"]
[Result "1-0"]
[WhiteElo "1980"]
[BlackElo "2253"]
[TimeControl "180+1"]
[EndTime "8:39:26 PST"]
[Termination "ljm509 won by checkmate"]

1. e4 e5 2. Nf3 Nc6 3. Bc4 Nf6 4. d3 h6 5. O-O d6 6. a4 Be6 7. Nc3 g5 8. Be3 d5 9. exd5 Nxd5 10. Bb5 Bd6 11.
Re1 Qf6 12. Ne4 Qe7 13. c4 Nxe3 14. Rxe3 O-O-O 15. Bxc6 bxc6 16. a5 f5 17. Nc3 Bc5 18. Rxe5 Qd6 19. Qe2 Rhe8 20. Re1 Bf7 21. Na4 Bd4 22.
Nxd4 Qxd4 23. Nc5 Rxe5 24. Qxe5 Qxe5 25. Rxe5 Re8 26. Rxe8+ Bxe8 27. Kf1 Kd8 28. b4 Ke7 29. Ke2 Kd6 30. Ke3 Bg6 31. f4 Bf7 32. g3 Bg8 33. Nb7+ Kd7 34. Kd4 g4 35. Ke5 h5 36. Kf6 c5 37. Nxc5+ Kc6 38. Kxf5 a6 39. Nxa6 Kb7 40. Nc5+ Kc6 41. a6 Kb6 42. Kg6 c6 43. f5 h4 44.
gxh4 g3 45. hxg3 Ka7 46. f6 Kb6 47. f7 Bxf7+ 48. Kxf7 Ka7 49. h5 Kb6 50. h6 Ka7 51. h7 Kb6 52. h8=Q Ka7 53. Qd4 Kb8 54. Qd8+ Ka7 55.
Qc7+ Ka8 56. Qb7# 1-0

[Event "Early-Titled-Tuesday-Blitz-February-06-2024"]
[Site "Chess.com"]
[Date "2024.02.06"]
[Round "4"]
[White "jcibarra"]
[Black "Lady_Nika"]
[Result "1-0"]
[WhiteElo "2874"]
[BlackElo "2591"]
[TimeControl "180+1"]
[EndTime "8:39:27 PST"]
[Termination "jcibarra won by checkmate"]

1. e4 e6 2. d4 d5 3. Nc3 Nf6 4. Bg5 Be7 5. e5 Nfd7 6. Bxe7 Qxe7 7. Qg4 O-O 8. Bd3 f5 9. exf6 Nxf6 10. Qh4 e5 11.
Nxd5 Nxd5 12. Qxh7+ Kf7 13. Qh5+ Ke6 14. O-O-O g5 15. Nf3 Nc6 16. Rhe1 Nf4 17. Nxe5 Nxh5 18. Nxc6+ Kd6 19. Nxe7 Rxf2 20. Nxc8+ Rxc8 21. Be4 c6 22. Bf3 Nf4 23. Rd2 Rxd2 24. Kxd2 Rh8 25. h3 Rf8 26. Re3 b6 27. c4 a5 28. Kc3 Ne6 29. Bxc6 Rf1 30.
Bf3 Nf4 31. Re5 Rc1+ 32. Kb3 Nd3 33. Rxg5 a4+ 34. Kxa4 Rxc4+ 35. Kb3 Rc1 36. Rg6+ Kc7 37. h4 Nf4 38. Rg7+ Kd6 39. h5 Ne6 40. Rg6 Ke7 41. Rg4 b5 42. Rh4 Nc7 43. h6 Ne8 44. h7 Nd6 45.
h8=Q Nc4 46. Qg7+ Kd6 47. Qf6+ Kc7 48. Rh7+ Kb8 49. Qf8# 1-0

[Event "Early-Titled-Tuesday-Blitz-February-06-2024"]
[Site "Chess.com"]
[Date "2024.02.06"]
[Round "4"]
[White "Asteroxylon"]
[Black "PolandHussars"]
[Result "1/2-1/2"]
[WhiteElo "2372"]
[BlackElo "2583"]
[TimeControl "180+1"]
[EndTime "8:39:27 PST"]
[Termination "Game drawn by repetition"]

1. e4 e5 2. Nf3 Nc6 3. Bc4 g6 4. d4 exd4 5. Nxd4 Bg7 6. Be3 Nf6 7. Nc3 O-O 8. Nxc6 bxc6 9. O-O d6 10. Re1 Re8 11.
f3 Be6 12. Bb3 c5 13. Qe2 Rb8 14. Rad1 Qc8 15. Nd5 Nxd5 16. exd5 Bf5 17. c3 h5 18. Qd2 Qa6 19. c4 Qb6 20. Ba4 Rxe3 21. Rxe3 Bd4 22.
b3 Qb4 23. Kf2 Qxd2+ 24. Rxd2 Bxe3+ 25. Kxe3 Kg7 26. Kf4 Kf6 27. h4 a5 28. g4 hxg4 29. fxg4 Bb1 30. Rb2 Bd3 31. Rd2 Bb1 32. Re2 Rh8 33.
g5+ Kg7 34. Kg3 Rc8 35. Rb2 Bf5 36. Re2 Kf8 37. Kf4 Bb1 38. Bd7 Rd8 39. Bc6 Rb8 40.
Ba4 Rd8 41. Kg4 Bf5+ 42. Kg3 Bb1 43. Rf2 Kg7 44. Re2 Kf8 45. Kf4 Rb8 46. Rh2 Kg7 47.
Re2 Kf8 48. Bc6 Bd3 49. Rh2 Bb1 50. Ba4 Kg7 51. Re2 Kf8 1/2-1/2

[Event "Early-Titled-Tuesday-Blitz-February-06-2024"]
[Site "Chess.com"]
[Date "2024.02.06"]
[Round "4"]
[White "GlavkonVVS"]
[Black "amintabatabaei"]
[Result "0-1"]
[WhiteElo "2608"]
[BlackElo "2949"]
[TimeControl "180+1"]
[EndTime "8:39:28 PST"]
[Termination "amintabatabaei won by resignation"]

1. c4 a6 2. e3 e6 3. Nf3 d5 4.
d4 Nf6 5. a4 Ne4 6. Nc3 Bb4 7.
Qc2 Nd7 8. Bd3 f5 9. O-O c6 10. Nd2 Bd6 11. f4 g5 12. Nf3 gxf4 13. exf4 Rg8 14.
Ne5 Qh4 15. cxd5 cxd5 16. Be3 Ndf6 17. Bxe4 fxe4 18. Qf2 Qxf2+ 19. Rxf2 Bd7 20. Rc2 Rc8 21. Rac1 Ke7 22. h3 h5 23. Kf2 h4 24. Kf1 Nh5 25. Ne2 Rxc2 26. Rxc2 Bxa4 27. Rc3 Bb5 28. Kf2 Bxe2 29.
Kxe2 Rxg2+ 30. Kd1 Rxb2 31. f5 exf5 32. Bg5+ Ke6 33.
Bxh4 Nf4 34. Rc8 Bxe5 35. Re8+ Kd7 36. Rxe5 a5 37. Rxf5 Ng2 38. Rxd5+ Kc6 39. Rc5+ Kd7 40. Bd8 Kxd8 41. Rxa5 b5 42. Ra6 e3 43. Re6 b4 44. d5 b3 45. Re4 Rf2 46. Kc1 e2 0-1

[Event "Early-Titled-Tuesday-Blitz-February-06-2024"]
[Site "Chess.com"]
[Date "2024.02.06"]
[Round "4"]
[White "SmirnovAlexandrA"]
[Black "Salem-AR"]
[Result "0-1"]
[WhiteElo "2608"]
[BlackElo "2939"]
[TimeControl "180+1"]
[EndTime "8:39:28 PST"]
[Termination "Salem-AR won by resignation"]

1. e4 d6 2. d4 Nf6 3. Nc3 g6 4. Bg5 Bg7 5. e5 Nfd7 6. f4 f6 7. exf6 exf6 8. Bh4 O-O 9. Nf3 Re8+ 10. Be2 Nc6 11. O-O Nb6 12. d5 Ne7 13. a4 a5 14.
Bf2 Nf5 15. Qd3 Nh6 16. Rfe1 Nd7 17. Nd4 Nc5 18. Qg3 Nf5 19. Nxf5 Bxf5 20. Bxc5 dxc5 21. Bd3 Bxd3 22. Qxd3 f5 23. Kf1 Qh4 24. Qg3 Qf6 25. Rxe8+ Rxe8 26. Re1 Rxe1+ 27. Qxe1 Kf8 28. Nb5 Qf7 29.
b3 Qd7 30. c4 c6 31. Nc3 Bd4 32. dxc6 bxc6 33. Ne2 Be3 34. g3 Bd2 35. Qb1 Qe6 36. Qa1 Kg8 37. Qb2 Qe3 38. Qe5 Qf3+ 39. Kg1 Be3+ 0-1

[Event "Early-Titled-Tuesday-Blitz-February-06-2024"]
[Site "Chess.com"]
[Date "2024.02.06"]
[Round "4"]
[White "Zurability"]
[Black "xberli"]
[Result "0-1"]
[WhiteElo "2739"]
[BlackElo "2552"]
[TimeControl "180+1"]
[EndTime "8:39:28 PST"]
[Termination "xberli won by resignation"]

1. e4 c5 2. Nf3 d6 3. Bc4 Nf6 4. d3 e6 5. O-O Be7 6. Nc3 O-O 7. a3 a6 8. Ba2 b5 9. Ne2 Bb7 10. Ng3 Nfd7 11. Ne1 d5 12. exd5 Bxd5 13. Bxd5 exd5 14. Qf3 Ne5 15. Qf5 Nbc6 16. Nf3 Nxf3+ 17. Qxf3 Re8 18. Nf5 Bf6 19. c3 Qd7 20. Ng3 Ne5 21. Qd1 c4 22. d4 Nd3 23. b4 Re7 24. Be3 Rae8 25. Qf3 Re6 26. a4 Bd8 27. axb5 axb5 28. Ra8 Bc7 29.
Rfa1 g6 30. h4 f5 31. Ne2 Re4 32. g3 Qc6 33. Rxe8+ Qxe8 34. h5 Qb8 35. hxg6 hxg6 36. Ra6 Kf7 37. Bg5 Bd6 38. Kg2 Ne1+ 0-1

[Event "Early-Titled-Tuesday-Blitz-February-06-2024"]
[Site "Chess.com"]
[Date "2024.02.06"]
[Round "4"]
[White "Vazabanga"]
[Black "Akylbek2021"]
[Result "1-0"]
[WhiteElo "2647"]
[BlackElo "2295"]
[TimeControl "180+1"]
[EndTime "8:39:28 PST"]
[Termination "Vazabanga won by resignation"]

1. d4 Nf6 2. c4 e6 3. g3 c5 4. d5 exd5 5. cxd5 d6 6. Nc3 g6 7.
Bg2 Bg7 8. Nf3 O-O 9. O-O Re8 10. Nd2 a6 11. a4 Nbd7 12. Nc4 Ne5 13. Na3 h5 14. Bg5 Qb6 15. Qd2 Bf5 16. e4 Bh3 17. f4 Bxg2 18. Kxg2 Neg4 19. h3 Nh6 20. e5 Nd7 21.
Nc4 Qb4 22. Nxd6 Nf5 23. Nxe8 Rxe8 24. Rfe1 Nb6 25. d6 Nc4 26. Qf2 Nce3+ 27. Kh1 Rf8 28. Rxe3 Nxe3 29. Qxe3 Qxb2 30. Rd1 b5 31. axb5 axb5 32.
d7 b4 33. Ne4 c4 34. d8=Q Rxd8 35. Rxd8+ Kh7 36. Bf6 Qb1+ 37. Kg2 Qc2+ 38. Kf3 Qd1+ 39. Rxd1 1-0

[Event "Early-Titled-Tuesday-Blitz-February-06-2024"]
[Site "Chess.com"]
[Date "2024.02.06"]
[Round "4"]
[White "NM_Antelacus"]
[Black "FARIZA2018"]
[Result "0-1"]
[WhiteElo "2227"]
[BlackElo "2512"]
[TimeControl "180+1"]
[EndTime "8:39:29 PST"]
[Termination "FARIZA2018 won by resignation"]

1. e4 e5 2. Nf3 Nc6 3. Bc4 Nf6 4. d3 Bc5 5. c3 d6 6. h3 a6 7.
b4 Bb6 8. O-O h6 9. Be3 Bxe3 10.
fxe3 O-O 11. Nbd2 d5 12. Bb3 Be6 13. Qe1 dxe4 14. Bxe6 exf3 15. Bc4 fxg2 16. Kxg2 b5 17. Bb3 Qxd3 18. Rd1 Rad8 19. Qg3 Kh8 20. Kh2 Qxc3 21. Nf3 Rxd1 22. Rxd1 Qxe3 23. Rg1 Qf4 24. Qxf4 exf4 25.
Rc1 Nxb4 26. Rxc7 Nbd5 27. Ra7 Re8 28. Rxa6 Re2+ 29. Kg1 Re3 30. Nd4 g6 31. Nxb5 Rxh3 32. Nd6 Rg3+ 33. Kf1 Rf3+ 34. Ke1 Re3+ 35. Kf1 Kg7 36.
Ra7 Re7 37. Ra5 Ne3+ 38. Kf2 Rd7 39. Ra6 Rxd6 40. Rxd6 Ne4+ 41. Kf3 Nxd6 42. Kxf4 Nef5 43.
a4 Kf6 44. a5 g5+ 45. Kf3 Nd4+ 46. Ke3 Nxb3 47. a6 Nc4+ 48. Kd3 Nb6 49. Kc3 Nc5 50. a7 Ncd7 0-1

[Event "Early-Titled-Tuesday-Blitz-February-06-2024"]
[Site "Chess.com"]
[Date "2024.02.06"]
[Round "4"]
[White "Szparu"]
[Black "GHANDEEVAM2003"]
[Result "0-1"]
[WhiteElo "2818"]
[BlackElo "3022"]
[TimeControl "180+1"]
[EndTime "8:39:31 PST"]
[Termination "GHANDEEVAM2003 won by resignation"]

1. Nf3 d6 2. d4 g6 3. e4 Bg7 4. c3 Nc6 5. Bb5 a6 6. Ba4 b5 7. Bb3 Nf6 8. O-O O-O 9. Re1 Bb7 10.
Bg5 h6 11. Bh4 g5 12. Bg3 Nh5 13. Nbd2 e6 14. d5 exd5 15. Bxd5 Nxg3 16. hxg3 Qc8 17. Qc2 Ne7 18. Bxb7 Qxb7 19. e5 d5 20. Nd4 c5 21.
Nf5 Nxf5 22. Qxf5 Qc8 23. g4 Re8 24. Nf3 Qxf5 25. gxf5 g4 26. Nh2 h5 27. f4 a5 28.
Nf1 Bh6 29. g3 Red8 30. f6 h4 31. Kf2 d4 32. gxh4 Bxf4 33. Re4 Bh6 34. Rxg4+ Kh7 35.
cxd4 cxd4 36. Ng3 Rac8 37. Nf5 Rc2+ 38. Kf3 d3 39. Rd4 Rxd4 40. Nxd4 Rxb2 41. Rd1 d2 42. a3 b4 43. axb4 Rxb4 44. Ke4 a4 45.
Kd5 a3 46. e6 fxe6+ 47. Nxe6 a2 48. f7 Rb1 49. Rxd2 a1=Q 0-1